[Event "CZE-ch U12 2020"]
[Site "Kouty nad Desnou"]
[Date "2020.03.08"]
[Round "2.12"]
[White "Matusik, Ondrej"]
[Black "Matus, Jakub"]
[Result "1-0"]
[ECO "B32"]
[WhiteElo "1482"]
[BlackElo "1240"]
[Annotator "NA"]
[PlyCount "83"]
[EventDate "2020.03.07"]
[EventCountry "CZE"]
[SourceTitle "playchess.com"]
[Source "ChessBase"]
[SourceQuality "1"]
[TimeControl "5400+30"]

1. e4 c5 2. Nf3 Nc6 3. d4 cxd4 4. Nxd4 e5 5. Nb5 d6 6. N1c3 a6 7. Na3 b5 8. Nd5 Nge7 9. Be3 Nxd5 10. Qxd5 Bb7 11. f3 Qc7 12. Qd2 Be7 13. c4 b4 14. Nc2 a5 15. b3 h6 16. Bd3 Nd8 17. h4 Ne6 18. g4 f6 19. O-O-O Nc5 20. Ne1 Bc8 21. Bc2 Bd7 22. Nd3 Nxd3+ 23. Qxd3 a4 24. g5 axb3 25. Bxb3 Ba4 26. Kb1 Kd7 27. gxh6 gxh6 28. Rhg1 Bxb3 29. Qxb3 Ra3 30. Qb2 Rxe3 31. Qf2 Ra3 32. c5 Ke8 33. cxd6 Bxd6 34. Qd2 Ra6 35. Rg6 Be7 36. Rxh6 Rxh6 37. Qxh6 Bf8 38. Qg6+ Qf7 39. Rd8+ Kxd8 40. Qxf7 Be7 41. h5 Kd7 42. h6 1-0

[Event "CZE-ch U12 2020"]
[Site "Kouty nad Desnou"]
[Date "2020.03.09"]
[Round "3.1"]
[White "Fizer, Marek"]
[Black "Nemec, Jachym"]
[Result "0-1"]
[ECO "B34"]
[WhiteElo "1907"]
[BlackElo "2108"]
[Annotator "ChessBase"]
[PlyCount "117"]
[EventDate "2020.03.07"]
[EventCountry "CZE"]
[SourceTitle "playchess.com"]
[Source "ChessBase"]
[SourceQuality "1"]
[TimeControl "5400+30"]

1. e4 c5 2. Nf3 Nc6 3. d4 cxd4 4. Nxd4 Nf6 5. Nc3 e5 6. Ndb5 d6 7. Nd5 Nxd5 8. exd5 Nb8 9. c4 Be7 10. Be2 O-O 11. O-O Nd7 12. Be3 a6 13. Nc3 f5 14. Rc1 a5 15. Na4 f4 16. Bd2 b6 17. Bf3 Nf6 18. Qc2 Bg4 19. Bxg4 Nxg4 20. f3 Nh6 21. Nc3 Nf5 22. Ne4 Qd7 23. a3 a4 24. Qd3 Kh8 25. g4 fxg3 26. hxg3 Rf7 27. Rf2 Raf8 28. Rcf1 Bd8 29. Rh2 g6 30. Kg2 Nd4 31. f4 Nf5 32. Bc3 Re8 33. fxe5 dxe5 34. c5 bxc5 35. Nxc5 Qd6 36. Bb4 Qb6 37. Qe4 Qb5 38. Rf2 Bb6 39. g4 Bxc5 40. Bxc5 Qxc5 41. gxf5 gxf5 42. Rxf5 Rg8+ 43. Kf3 Rxf5+ 44. Qxf5 Rf8 45. Rxh7+ Kg8 46. Rh5 Rxf5+ 47. Rxf5 Qxd5+ 48. Kg3 Qd3+ 49. Rf3 Qd4 50. Rf2 e4 51. Re2 Kf7 52. Kf4 e3+ 53. Kf3 Kf6 54. Rxe3 Qxb2 55. Rd3 Ke5 56. Ke3 Qg2 57. Rc3 Qg3+ 58. Kd2 Qf2+ 59. Kd3 0-1

[Event "CZE-ch U12 2020"]
[Site "Kouty nad Desnou"]
[Date "2020.03.09"]
[Round "3.2"]
[White "Brozka, Karel"]
[Black "Prazak, Daniel"]
[Result "1/2-1/2"]
[ECO "D91"]
[WhiteElo "2013"]
[BlackElo "1765"]
[Annotator "ChessBase"]
[PlyCount "83"]
[EventDate "2020.03.07"]
[EventCountry "CZE"]
[SourceTitle "playchess.com"]
[Source "ChessBase"]
[SourceQuality "1"]
[TimeControl "5400+30"]

1. d4 Nf6 2. Nf3 g6 3. c4 Bg7 4. Nc3 d5 5. Bg5 Ne4 6. cxd5 Nxg5 7. Nxg5 c6 8. Nf3 cxd5 9. e3 Nc6 10. Qb3 e6 11. Bd3 O-O 12. O-O Bd7 13. Rfc1 Rc8 14. Na4 b6 15. Ba6 Rc7 16. Qc3 Qb8 17. b4 Bc8 18. Bd3 a6 19. Rab1 b5 20. Nc5 Qa7 21. a4 bxa4 22. b5 axb5 23. Bxb5 Nb8 24. Rb4 Nd7 25. Rxa4 Qxc5 26. Qxc5 Nxc5 27. Rxc5 Rb7 28. h3 Bd7 29. Bxd7 Rxd7 30. Rca5 Rb8 31. Ra7 Rxa7 32. Rxa7 Rb1+ 33. Kh2 Bf6 34. g3 Kg7 35. Kg2 Rb2 36. h4 h5 37. Rd7 Re2 38. Ng1 Ra2 39. Nh3 Kf8 40. Nf4 Bg7 41. Rb7 Bh6 42. Rc7 1/2-1/2

[Event "CZE-ch U12 2020"]
[Site "Kouty nad Desnou"]
[Date "2020.03.09"]
[Round "3.3"]
[White "Hladky, Tadeas"]
[Black "Setina, Vaclav"]
[Result "1/2-1/2"]
[ECO "B31"]
[WhiteElo "1773"]
[BlackElo "1507"]
[Annotator "NA RC"]
[PlyCount "118"]
[EventDate "2020.03.07"]
[EventCountry "CZE"]
[SourceTitle "playchess.com"]
[Source "ChessBase"]
[SourceQuality "1"]
[TimeControl "5400+30"]

1. e4 c5 2. Nf3 Nc6 3. Bb5 g6 4. O-O Bg7 5. Re1 Nf6 6. e5 Nd5 7. Nc3 Nc7 8. Bxc6 dxc6 9. d3 O-O 10. h3 Nd5 11. Ne4 Qb6 12. a4 a5 13. Qe2 Bf5 14. Ng3 Be6 15. h4 Bg4 16. Nf1 e6 17. N1h2 Bxf3 18. Nxf3 Rfd8 19. Bg5 Rd7 20. b3 Ne7 21. Bxe7 Rxe7 22. h5 Rae8 23. Nd2 f5 24. Nc4 Qc7 25. hxg6 hxg6 26. Qe3 Bf8 27. g3 Rg7 28. f4 b5 29. Nd2 Be7 30. Nf3 Kf7 31. Ng5+ Bxg5 32. fxg5 Rh7 33. Kg2 c4 34. Rh1 Reh8 35. Rh6 Rxh6 36. gxh6 cxb3 37. cxb3 Rc8 38. Rh1 Rh8 39. Rh4 g5 40. Qxg5 Qxe5 41. Qh5+ Ke7 42. h7 Qb2+ 43. Kh3 Qc1 44. Qf3 bxa4 45. bxa4 Qc5 46. d4 Qd5 47. Qxd5 cxd5 48. Kg2 e5 49. dxe5 Ke6 50. Rh5 Kxe5 51. g4 Kf4 52. g5 Ke5 53. Rh1 f4 54. g6 Kf6 55. Rh5 Kxg6 56. Rxd5 Rxh7 57. Rxa5 Kf6 58. Kf3 Ke6 59. Kxf4 Kd6 1/2-1/2

[Event "CZE-ch U12 2020"]
[Site "Kouty nad Desnou"]
[Date "2020.03.09"]
[Round "3.4"]
[White "Zelba, Lukas"]
[Black "Jasso, Matej"]
[Result "1-0"]
[ECO "A05"]
[WhiteElo "1727"]
[BlackElo "1582"]
[Annotator "NA RC"]
[PlyCount "107"]
[EventDate "2020.03.07"]
[EventCountry "CZE"]
[SourceTitle "playchess.com"]
[Source "ChessBase"]
[SourceQuality "1"]
[TimeControl "5400+30"]

1. Nf3 Nf6 2. c4 g6 3. Nc3 Bg7 4. g3 c6 5. Bg2 d5 6. d4 O-O 7. O-O Bf5 8. Qb3 Qb6 9. c5 Qc7 10. Bf4 Qc8 11. Rfe1 Nbd7 12. Nh4 Be6 13. Rad1 h6 14. Nf3 Nh5 15. Qc2 Nxf4 16. gxf4 Qc7 17. Ne5 Nxe5 18. fxe5 Qd7 19. e4 Bh3 20. exd5 Bxg2 21. e6 Qc7 22. Kxg2 Qf4 23. Re3 fxe6 24. dxe6 Rf5 25. Re4 Qf3+ 26. Kg1 Raf8 27. Rd2 Rg5+ 28. Kf1 Qg2+ 29. Ke2 Qf3+ 30. Kf1 Qh3+ 31. Ke2 Rg1 32. f4 Bxd4 33. Rexd4 Rf1 34. Qxg6+ Kh8 35. Qg3 Qxg3 36. hxg3 Rh1 37. Rd8 Rh2+ 38. Ke3 Rxd8 39. Rxd8+ Kg7 40. Ne2 Kf6 41. Rd7 Kxe6 42. Rxb7 Rh5 43. Nd4+ Kd5 44. Rxe7 Rh3 45. Re5+ Kc4 46. Ne2 h5 47. f5 h4 48. Re4+ Kxc5 49. Rxh4 Rxh4 50. gxh4 Kd5 51. h5 Ke5 52. h6 Kf6 53. Nd4 c5 54. Ne6 1-0

[Event "CZE-ch U12 2020"]
[Site "Kouty nad Desnou"]
[Date "2020.03.09"]
[Round "3.5"]
[White "Soucek, Jan"]
[Black "Nguyen, Thai Dang Vi"]
[Result "1-0"]
[ECO "D35"]
[WhiteElo "1872"]
[BlackElo "1510"]
[Annotator "NA RC"]
[PlyCount "151"]
[EventDate "2020.03.07"]
[EventCountry "CZE"]
[SourceTitle "playchess.com"]
[Source "ChessBase"]
[SourceQuality "1"]
[TimeControl "5400+30"]

1. d4 d5 2. c4 e6 3. Nc3 Nf6 4. cxd5 exd5 5. Bg5 Be7 6. e3 h6 7. Bh4 c6 8. Bd3 Nbd7 9. Qc2 O-O 10. Nge2 Re8 11. O-O {[%emt 0:00:33] 11.f3 is the fancy move.} a6 {[%emt 0:06:59] D36: Queen's Gambit Declined: Exchange Variation: Main line (5 Bg5 c6 6 Qc2).} 12. Rad1 {[%emt 0:21:13] [#]} Qc7 $146 ({Predecessor:} 12... b5 13. h3 Bb7 14. Bf5 Nf8 15. f3 Qb6 16. Bf2 c5 17. dxc5 Bxc5 18. Nd4 Ne6 19. Qd2 Nxd4 20. exd4 {0-1 (72) Vernay,C (2341)-Bujisho,B (2417) France 2009}) 13. a3 Bd6 14. Bg3 Bxg3 15. Nxg3 Nb6 16. Nce2 Bd7 17. Nf4 Rac8 18. Rc1 Rcd8 19. Nfh5 Nxh5 20. Nxh5 Be6 21. Ng3 Nd7 22. b4 Nf6 23. Rce1 Qd7 24. Qc3 Qd6 25. Bb1 Bc8 26. f3 Kf8 (26... h5 $11) 27. Qd3 b5 (27... Re7 $11 {remains equal.}) 28. Rf2 Re7 29. Kh1 Be6 30. Rd2 Red7 31. Qc2 (31. Kg1 $14) 31... Qc7 (31... a5 $5) 32. Red1 Qb6 33. Ne2 Ke7 ({Black should play} 33... a5 $14) 34. h3 g6 35. Ba2 Bf5 36. Qc3 Rc8 37. Bb1 ({White should play} 37. Rf1 $16) 37... Bxb1 38. Rxb1 Kf8 39. Nf4 Kg7 40. Nd3 Re7 41. Re1 Rce8 42. Rde2 Rd8 (42... Nh5 $11 43. Kh2 Qc7+ 44. f4 Nf6) 43. Nc5 Kg8 44. Rc1 Rc7 ({Black should try} 44... Nh5 $14 45. Qe1 Rde8) 45. Rec2 Rd6 {[%emt 0:00:22] [#]} (45... Re8 $14) 46. Qe1 ({White should try} 46. e4 $1 $18 Nh5 47. e5) 46... Re7 47. Re2 Nd7 48. Qh4 g5 49. Qe1 (49. Qg3 $5 Rg6 50. Nd3 $14) 49... Qa7 50. Qd2 Nxc5 51. Rxc5 Rde6 52. Qc1 Qd7 53. Kg1 Qe8 54. Kf2 Rc7 ({Better is} 54... Kg7 $11) 55. Rec2 (55. Rxd5 $16 cxd5 56. Qxc7) 55... Kg7 (55... Rd6 $11 {keeps the balance.}) 56. R2c3 ({Better is} 56. Rxd5 $1 $16 Rce7 57. Re5) 56... f5 $2 {[%emt 0:00:31] [#]} (56... Rce7 $11 {and Black has nothing to worry.}) 57. Qd2 $11 (57. Rxd5 $1 $18 Qf7 (57... cxd5 58. Rxc7+) 58. Rcc5) 57... Qg6 (57... Rf7 $11 {keeps the balance.}) 58. Qc2 h5 {[%emt 0:00:19] [#]} (58... Rd6 $16) 59. Rxd5 $1 {[%emt 0:00:43] Pin} cxd5 60. Rxc7+ Kh6 61. Qc5 Qe8 62. Qxd5 Rxe3 $1 $11 {[%emt 0:00:15] and Black has nothing to worry.} 63. Rc6+ Kg7 64. Rc7+ Kg6 $2 65. Qc6+ Qe6 66. Qc2 Rxa3 67. Rc6 Re3 68. Rxe6+ Rxe6 69. d5 Re8 70. Qc6+ Kf7 71. Qxa6 Re5 72. Qxb5 Ke7 73. Qb7+ Kd6 74. Qc6+ Ke7 75. Qc7+ {[%emt 0:00:05] Double Attack} Kf6 76. Qd6+ 1-0

[Event "CZE-ch U12 2020"]
[Site "Kouty nad Desnou"]
[Date "2020.03.09"]
[Round "3.6"]
[White "Martirosyan, David"]
[Black "Day, Tobias"]
[Result "0-1"]
[ECO "B70"]
[WhiteElo "1522"]
[BlackElo "1837"]
[Annotator "NA"]
[PlyCount "66"]
[EventDate "2020.03.07"]
[EventCountry "CZE"]
[SourceTitle "playchess.com"]
[Source "ChessBase"]
[SourceQuality "1"]
[TimeControl "5400+30"]

1. e4 c5 2. Nf3 d6 3. d4 cxd4 4. Nxd4 Nf6 5. Nc3 g6 6. g3 Nc6 7. Nde2 Bd7 8. Bg2 Qc8 9. h3 Bg7 10. Nf4 {[%emt 0:04:14] B70: Sicilian Dragon: 6 g3 and 6 Be2 (without a later Be3).} O-O 11. O-O {[%emt 0:01:54] [#]} Rb8 $146 ({Predecessor:} 11... e5 $5 12. Nfe2 (12. Nfd5 Nxd5 13. exd5 Nd4 14. Ne4 Qxc2 15. Bg5 f6 16. Be3 Qxd1 17. Rfxd1 Nf5 {1-0 (39) Kanovsky,D (2286)-Tupy,M (2322) Olomouc 2004}) 12... Bxh3 $15) 12. a4 e5 13. Nfd5 Bxh3 14. Nxf6+ Bxf6 15. Qxd6 Be7 16. Qd2 (16. Qd3 $11) 16... f6 ({Black should try} 16... Be6 $15) 17. Nd5 Rf7 18. Qh6 Bxg2 19. Kxg2 Bf8 20. Qh4 Qe6 21. Rh1 Rd8 22. Ra3 $2 (22. Be3 $11) 22... Bxa3 23. bxa3 $1 $11 {[%emt 0:00:36] and White stays safe.} Nd4 (23... Ne7 24. c4) 24. Rd1 $2 (24. c4) 24... Nc6 $2 ({Black should play} 24... Rxd5 $19 25. exd5 Qxd5+ 26. Kh3 h5) 25. Bb2 $2 h5 26. f4 Kg7 27. fxe5 fxe5 28. Nf4 $2 (28. Qg5) 28... Rxf4 29. gxf4 Rxd1 30. fxe5 Qg4+ 31. Qxg4 hxg4 32. Kg3 Kf7 $19 33. Kxg4 Ke6 0-1

[Event "CZE-ch U12 2020"]
[Site "Kouty nad Desnou"]
[Date "2020.03.09"]
[Round "3.7"]
[White "Kubin, Tomas Daniel"]
[Black "Veverka, Vladimir"]
[Result "1/2-1/2"]
[ECO "C55"]
[WhiteElo "1484"]
[BlackElo "1656"]
[Annotator "NA"]
[PlyCount "72"]
[EventDate "2020.03.07"]
[EventCountry "CZE"]
[SourceTitle "playchess.com"]
[Source "ChessBase"]
[SourceQuality "1"]
[TimeControl "5400+30"]

1. e4 e5 2. Nf3 Nc6 3. d4 exd4 4. Bc4 Nf6 5. e5 Ne4 6. O-O Be7 7. Re1 d5 8. Bb5 O-O 9. Bxc6 bxc6 10. Nxd4 Bd7 11. f3 Nc5 12. Nd2 Ne6 13. N2b3 c5 14. Nxe6 Bxe6 15. c3 Qd7 16. Be3 Qc6 17. Qd2 Rab8 18. Rac1 Rfd8 19. Qc2 Qb5 20. Red1 d4 21. cxd4 Bxb3 22. axb3 Qxb3 23. Qxb3 Rxb3 24. Bf2 Rxb2 25. dxc5 Rxd1+ 26. Rxd1 g6 27. Kf1 Rc2 28. Ra1 Bxc5 29. Bxc5 Rxc5 30. Rxa7 Rc1+ 31. Kf2 Rc2+ 32. Kg3 c5 33. Ra8+ Kg7 34. Rc8 c4 35. f4 c3 36. Kf3 Rc1 1/2-1/2

[Event "CZE-ch U12 2020"]
[Site "Kouty nad Desnou"]
[Date "2020.03.09"]
[Round "3.8"]
[White "Juhanak, Daniel"]
[Black "Matusik, Ondrej"]
[Result "1/2-1/2"]
[ECO "C07"]
[WhiteElo "1656"]
[BlackElo "1482"]
[Annotator "NA RC"]
[PlyCount "130"]
[EventDate "2020.03.07"]
[EventCountry "CZE"]
[SourceTitle "playchess.com"]
[Source "ChessBase"]
[SourceQuality "1"]
[TimeControl "5400+30"]

1. e4 e6 2. d4 d5 3. Nd2 c5 4. exd5 Qxd5 5. Ngf3 cxd4 6. Bc4 Qd6 7. O-O Nc6 8. Nb3 Nf6 9. Nbxd4 Bd7 10. Re1 Be7 11. Bf1 O-O 12. Bg5 Rfd8 13. c3 a6 14. Qc2 Nxd4 15. Nxd4 Ng4 16. Nf3 Nxh2 17. Nxh2 Bxg5 18. Bd3 h6 19. Rad1 Qb6 20. Nf3 Bf6 21. Ne5 Bxe5 22. Rxe5 Bc6 23. b3 Rd5 24. Rxd5 Bxd5 25. Be4 Rd8 26. Bxd5 Rxd5 27. Rxd5 exd5 28. Qf5 Qe6 29. Qf3 b5 30. a4 bxa4 31. bxa4 Qc6 32. Qd3 Qxa4 33. Qxd5 Qa1+ 34. Kh2 Qxc3 35. Qa8+ Kh7 36. Qxa6 Qe5+ 37. g3 Qe6 38. Qd3+ g6 39. Qf3 Kg7 40. Qc3+ Qf6 41. Qe3 Qb2 42. Kg2 Qa1 43. Qe4 Qc3 44. Qf4 g5 45. Qe4 Qc5 46. Qf3 Qe5 47. Qd3 Qe7 48. Qd4+ f6 49. Kh2 h5 50. Kg2 Qb7+ 51. Kh2 Qc7 52. Kg2 Qe7 53. Kh2 Kg6 54. Kg2 Qe6 55. Kh2 f5 56. Qb4 Qf6 57. Kh3 g4+ 58. Kg2 h4 59. gxh4 Qxh4 60. Qd6+ Qf6 61. Qd5 Kh5 62. Qg8 Qc6+ 63. Kg1 Qc1+ 64. Kg2 Qc6+ 65. Kg1 Qc1+ 1/2-1/2

[Event "CZE-ch U12 2020"]
[Site "Kouty nad Desnou"]
[Date "2020.03.09"]
[Round "3.9"]
[White "Tichy, Tomas"]
[Black "Sedmihradsky, Tomas"]
[Result "1/2-1/2"]
[ECO "D00"]
[WhiteElo "1810"]
[BlackElo "1024"]
[Annotator "NA"]
[PlyCount "78"]
[EventDate "2020.03.07"]
[EventCountry "CZE"]
[SourceTitle "playchess.com"]
[Source "ChessBase"]
[SourceQuality "1"]
[TimeControl "5400+30"]

1. d4 d5 2. e3 Bf5 3. Nf3 Nf6 4. c4 Bxb1 5. Rxb1 e6 6. Bd3 {[%emt 0:08:29] [#] D04: Colle System.} (6. b4 $16) 6... c5 $146 ({Predecessor:} 6... Nc6 7. a3 dxc4 8. Bxc4 Bd6 9. O-O O-O 10. Qc2 Na5 11. Bd3 h6 12. e4 Be7 {0-1 (65) Nowacka,D (1439)-Radecki,W (1818) Warszawa 2017}) 7. O-O Qc7 (7... dxc4 $14 8. Bxc4 cxd4) 8. b3 Nbd7 9. Bb2 Bd6 (9... dxc4 $142 10. Bxc4 (10. bxc4 Bd6 $14) 10... Be7) 10. cxd5 exd5 11. dxc5 Bxc5 12. Bxf6 (12. Bb5 $16 O-O 13. Qc2) 12... Nxf6 13. Bb5+ Kf8 14. Rc1 Qe7 15. Qc2 Bb6 16. Nd4 ({White should try} 16. Rfd1 $14) 16... a6 17. Bd3 g6 18. Rfd1 Kg7 19. Ne2 Rhd8 20. Ng3 Qe6 21. e4 (21. Ne2 $11 {keeps the balance.}) 21... Ng4 (21... dxe4 $17 22. Bxe4 Ng4 23. Qb2+ f6) 22. Rf1 $2 (22. Qb2+ $17 {was worth a try.} Kg8 23. Rf1) 22... Qe5 23. exd5 {[%emt 0:03:12] [#]} Rxd5 $2 (23... Qf4 $1 $19 24. Rce1 {Black should play} Rxd5 $1 $19 25. Bc4 {[#]} Qh6 $3 ) 24. Rce1 $2 {[%emt 0:00:50] [#]} (24. Be2 $15 Rc5 25. Qe4 Rxc1 26. Qxe5+ Nxe5 27. Rxc1) 24... Qd6 25. Bc4 Rd2 26. Qc3+ f6 ({Black should play} 26... Qd4 $17 27. Qxd4+ Bxd4) 27. Be2 $2 (27. Re6 $11 Qd4 28. Re7+ Kh8 29. Qxd4 Bxd4 30. Ne4 Rxa2 31. Rd7) 27... Nxf2 28. Rxf2 {[%emt 0:00:28] [#]} Bxf2+ ({Better is} 28... Re8 $1 $17 29. Qf3 Bxf2+ 30. Qxf2 Rxa2) 29. Kxf2 Re8 30. Qf3 (30. Kf1 $15) 30... Qb6+ ({Black should try} 30... Qd4+ 31. Kf1 Re7) 31. Kf1 Rxa2 32. Rd1 $17 Re7 (32... Qb4 $17) 33. Qg4 Qc5 34. Qf3 h5 35. h4 Qb4 36. Bc4 b5 37. Nxh5+ gxh5 38. Qg3+ Kh6 39. Qf4+ Kg7 1/2-1/2

[Event "CZE-ch U12 2020"]
[Site "Kouty nad Desnou"]
[Date "2020.03.09"]
[Round "3.10"]
[White "Buchta, Bartolomej"]
[Black "Hobza, Richard"]
[Result "1/2-1/2"]
[ECO "B33"]
[WhiteElo "1508"]
[BlackElo "1251"]
[Annotator "NA"]
[PlyCount "62"]
[EventDate "2020.03.07"]
[EventCountry "CZE"]
[SourceTitle "playchess.com"]
[Source "ChessBase"]
[SourceQuality "1"]
[TimeControl "5400+30"]

1. e4 c5 2. Nf3 Nc6 3. d4 cxd4 4. Nxd4 Nf6 5. Nc3 g6 6. Be3 Bg7 7. f3 d5 8. Nxc6 bxc6 9. exd5 cxd5 10. Be2 O-O 11. O-O Bb7 12. f4 a6 13. Bf3 e6 14. Na4 Bc6 15. Nc5 Nd7 16. c3 Nxc5 17. Bxc5 Re8 18. Qd2 Qc7 19. Bd4 Rab8 20. Bxg7 Kxg7 21. Kh1 Qb6 22. b3 Kg8 23. Rae1 Rec8 24. f5 exf5 25. Re5 Re8 26. Rfe1 Rxe5 27. Rxe5 Rd8 28. Bxd5 Qc7 29. Qd4 Bxd5 30. Rxd5 Rxd5 31. Qxd5 Qxc3 1/2-1/2

[Event "CZE-ch U12 2020"]
[Site "Kouty nad Desnou"]
[Date "2020.03.09"]
[Round "3.11"]
[White "Tesar, Jakub"]
[Black "Sigut, Ondrej"]
[Result "0-1"]
[ECO "B34"]
[WhiteElo "1446"]
[BlackElo "1274"]
[Annotator "NA"]
[PlyCount "36"]
[EventDate "2020.03.07"]
[EventCountry "CZE"]
[SourceTitle "playchess.com"]
[Source "ChessBase"]
[SourceQuality "1"]
[TimeControl "5400+30"]

1. e4 c5 2. Nf3 Nc6 3. d4 cxd4 4. Nxd4 g6 5. Nc3 Bg7 6. Be3 Nf6 7. Be2 O-O 8. O-O b6 9. f4 Bb7 10. Bf3 Qc8 11. e5 Ne8 12. Nd5 Qd8 13. Qd3 Nc7 14. Rfd1 Nxd5 15. Bxd5 Nb4 16. Bxb7 Nxd3 17. Bxa8 Nxb2 18. Re1 Qxa8 0-1

[Event "CZE-ch U12 2020"]
[Site "Kouty nad Desnou"]
[Date "2020.03.09"]
[Round "3.12"]
[White "Matus, Jakub"]
[Black "Babula, Matej"]
[Result "0-1"]
[ECO "C73"]
[WhiteElo "1240"]
[BlackElo "1353"]
[Annotator "NA RC"]
[PlyCount "60"]
[EventDate "2020.03.07"]
[EventCountry "CZE"]
[SourceTitle "playchess.com"]
[Source "ChessBase"]
[SourceQuality "1"]
[TimeControl "5400+30"]

1. e4 e5 2. Nf3 Nc6 3. Bb5 a6 4. Ba4 d6 5. Bxc6+ bxc6 6. d4 f6 7. Nc3 Ne7 8. Be3 Ng6 9. Qd2 Be7 10. h4 O-O 11. Ng1 f5 12. Qe2 f4 13. Bd2 exd4 14. Nd1 Bxh4 15. Qc4+ Kh8 16. Qxd4 d5 17. Nc3 dxe4 18. Qxd8 Bxd8 19. Nxe4 Bf5 20. Nc5 Bxc2 21. Bc3 Re8+ 22. Kd2 Bf5 23. Nf3 Be7 24. Nb3 Rad8+ 25. Kc1 Bf6 26. Be1 Ne5 27. Nxe5 Rxe5 28. Rf1 Re2 29. Nd2 Rde8 30. Kd1 Bxb2 0-1

[Event "CZE-ch U12 2020"]
[Site "Kouty nad Desnou"]
[Date "2020.03.09"]
[Round "4.2"]
[White "Prazak, Daniel"]
[Black "Zelba, Lukas"]
[Result "1/2-1/2"]
[ECO "E15"]
[WhiteElo "1765"]
[BlackElo "1727"]
[Annotator "NA"]
[PlyCount "62"]
[EventDate "2020.03.07"]
[EventCountry "CZE"]
[SourceTitle "playchess.com"]
[Source "ChessBase"]
[SourceQuality "1"]
[TimeControl "5400+30"]

1. d4 Nf6 2. Nf3 e6 3. c4 b6 4. g3 Bb4+ 5. Nbd2 Bb7 6. Bg2 Be7 7. O-O O-O 8. Qc2 c5 9. e4 d5 10. exd5 exd5 11. dxc5 Bxc5 12. b3 Qc7 13. Bb2 Nbd7 14. Rac1 Rac8 15. Rfd1 b5 16. Qf5 bxc4 17. Bxf6 Nxf6 18. bxc4 Qb6 19. Ne5 g6 20. Qf4 Qd6 21. Nd3 Qxf4 22. Nxf4 Ne4 23. Nxe4 dxe4 24. Rb1 Ba6 25. Bxe4 Bxc4 26. Bd5 Ba6 27. Bb7 Bxb7 28. Rxb7 Rcd8 29. Rdd7 Rxd7 30. Rxd7 Re8 31. Nd3 Bb6 1/2-1/2

[Event "CZE-ch U12 2020"]
[Site "Kouty nad Desnou"]
[Date "2020.03.09"]
[Round "4.3"]
[White "Setina, Vaclav"]
[Black "Fizer, Marek"]
[Result "0-1"]
[ECO "B14"]
[WhiteElo "1507"]
[BlackElo "1907"]
[Annotator "ChessBase"]
[PlyCount "70"]
[EventDate "2020.03.07"]
[EventCountry "CZE"]
[SourceTitle "playchess.com"]
[Source "ChessBase"]
[SourceQuality "1"]
[TimeControl "5400+30"]

1. e4 c6 2. d4 d5 3. exd5 cxd5 4. c4 Nf6 5. Nc3 g6 6. Bg5 Bg7 7. c5 O-O 8. h3 Re8 9. Nf3 Ne4 10. Qc1 b6 11. cxb6 axb6 12. Bb5 Bd7 13. Bxd7 Qxd7 14. O-O Nc6 15. Be3 Reb8 16. Qc2 f5 17. Qb3 e6 18. Rac1 Na5 19. Qb5 Qxb5 20. Nxb5 Nc4 21. Nc7 Rxa2 22. Nxe6 Rxb2 23. Bf4 Rc8 24. Nc7 Nf6 25. Be5 Bh6 26. Bxf6 Rxc7 27. Rb1 b5 28. Rxb2 Nxb2 29. Rb1 Rc1+ 30. Rxc1 Bxc1 31. Bg5 f4 32. Ne5 b4 33. Kf1 b3 34. Ke1 Na4 35. Kd1 b2 0-1

[Event "CZE-ch U12 2020"]
[Site "Kouty nad Desnou"]
[Date "2020.03.09"]
[Round "4.4"]
[White "Day, Tobias"]
[Black "Soucek, Jan"]
[Result "1-0"]
[ECO "B23"]
[WhiteElo "1837"]
[BlackElo "1872"]
[Annotator "NA"]
[PlyCount "119"]
[EventDate "2020.03.07"]
[EventCountry "CZE"]
[SourceTitle "playchess.com"]
[Source "ChessBase"]
[SourceQuality "1"]
[TimeControl "5400+30"]

1. e4 c5 2. Nc3 e6 3. f4 Nc6 4. Nf3 Nge7 5. g3 Ng6 6. Bg2 {[%emt 0:01:32] B23: Closed Sicilian: Lines without g3.} Be7 7. O-O O-O {[%emt 0:00:21] [#]} 8. f5 $146 ({Predecessor:} 8. d3 f5 9. Be3 b6 10. Qd2 Rb8 11. Rae1 b5 12. h3 d6 13. Kh2 Qc7 14. a3 {0-1 (43) Albert,E (1166)-Muedder,M (1631) Willingen 2016}) 8... Nge5 $1 9. Nxe5 Nxe5 10. b3 Bf6 11. Bb2 b6 12. d4 cxd4 13. Ne2 Ba6 14. Bxd4 {[%emt 0:01:38] [#]} Bxe2 $1 15. Qxe2 Nf3+ 16. Bxf3 Bxd4+ 17. Kh1 Bxa1 18. Rxa1 Rc8 19. Rd1 Qc7 20. c4 $19 Rfd8 21. Rd4 Qe5 22. Qd3 d6 23. Bg4 Rc6 24. Kg2 Rdc8 25. a4 a6 26. b4 h6 27. fxe6 fxe6 28. b5 axb5 29. axb5 R6c7 30. Rxd6 Re7 31. Rxb6 Ra8 32. Ra6 Rxa6 33. bxa6 Qb2+ 34. Kh3 Qb6 35. e5 Rc7 36. Qd6 Qb8 37. Bxe6+ Kh8 38. Bg4 Qa7 39. Qf8+ Kh7 40. e6 Re7 41. c5 Qxc5 42. Qf5+ Qxf5 43. Bxf5+ g6 44. Be4 Ra7 45. e7 Rxe7 46. Bb7 Re8 47. a7 Kg7 48. a8=Q Rxa8 49. Bxa8 Kf6 50. Kg4 Ke5 51. h4 Kf6 52. Be4 Kg7 53. h5 g5 54. Kf5 Kf7 55. Bd5+ Kg7 56. Be6 Kh7 57. Kf6 Kh8 58. Kg6 g4 59. Bxg4 Kg8 60. Kxh6 1-0

[Event "CZE-ch U12 2020"]
[Site "Kouty nad Desnou"]
[Date "2020.03.09"]
[Round "4.5"]
[White "Veverka, Vladimir"]
[Black "Hladky, Tadeas"]
[Result "1/2-1/2"]
[ECO "B02"]
[WhiteElo "1656"]
[BlackElo "1773"]
[Annotator "NA"]
[PlyCount "106"]
[EventDate "2020.03.07"]
[EventCountry "CZE"]
[SourceTitle "playchess.com"]
[Source "ChessBase"]
[SourceQuality "1"]
[TimeControl "5400+30"]

1. e4 Nf6 2. Nc3 d5 3. exd5 Nxd5 4. Nxd5 Qxd5 5. d4 Bf5 6. c3 e6 7. Nf3 Be7 8. Bd3 Bxd3 9. Qxd3 O-O 10. O-O Na6 11. Be3 c5 12. Rfd1 c4 13. Qe2 Nc7 14. h3 b5 15. Bf4 Rfc8 16. a3 Ne8 17. Qe5 Nf6 18. Bg5 Bd6 19. Qxd5 Nxd5 20. Ne1 a5 21. Bd2 Kf8 22. Nc2 Ke7 23. g3 Rcb8 24. Ne3 Nxe3 25. Bxe3 b4 26. axb4 axb4 27. Bg5+ f6 28. Bd2 b3 29. Kf1 Ra2 30. Ke2 Rxb2 31. Ra7+ Kf8 32. Ra6 Be7 33. Rxe6 Ra2 34. Rb1 Ba3 35. Kd1 Re8 36. Rc6 b2 37. Be3 f5 38. Rxc4 Ra1 39. Kc2 g5 40. Rc6 Kf7 41. Rc7+ Kg8 42. d5 f4 43. gxf4 Rxb1 44. Kxb1 gxf4 45. Bd2 Re2 46. Rc8+ Kf7 47. Rc7+ Kf6 48. Rc6+ Kf7 49. Rc7+ Ke8 50. Rc8+ Kd7 51. Ra8 Rxd2 52. Rxa3 Kd6 53. c4 Rxf2 1/2-1/2

[Event "CZE-ch U12 2020"]
[Site "Kouty nad Desnou"]
[Date "2020.03.09"]
[Round "4.6"]
[White "Sedmihradsky, Tomas"]
[Black "Juhanak, Daniel"]
[Result "0-1"]
[ECO "A46"]
[WhiteElo "1024"]
[BlackElo "1656"]
[Annotator "NA"]
[PlyCount "72"]
[EventDate "2020.03.07"]
[EventCountry "CZE"]
[SourceTitle "playchess.com"]
[Source "ChessBase"]
[SourceQuality "1"]
[TimeControl "5400+30"]

1. d4 Nf6 2. Nf3 e6 3. c3 b6 4. Bg5 Bb7 5. Nbd2 d5 6. e3 c5 7. Bb5+ Bc6 8. Qa4 Bxb5 9. Qxb5+ Nbd7 10. Ne5 Be7 11. Bxf6 Bxf6 12. Qxd7+ Qxd7 13. Nxd7 Kxd7 14. dxc5 bxc5 15. Nb3 Kc6 16. O-O a5 17. Rab1 Rhb8 18. Nd2 Rb6 19. Rfc1 Rab8 20. b3 Kd6 21. c4 a4 22. cxd5 exd5 23. Rd1 Kc6 24. Kf1 Bc3 25. bxa4 Rb2 26. Rxb2 Rxb2 27. Nb1 Ba5 28. a3 Rc2 29. g3 c4 30. Kg2 c3 31. e4 dxe4 32. Rd4 e3 33. Nxc3 Bxc3 34. Rc4+ Kd5 35. Rxc3 Rxc3 36. fxe3 Rxe3 0-1